 Dungeon Crawl Stone Soup version 0.29.0-4-gdea44cf6ec (webtiles) character file.

Game seed: 9893658886322309227

316 qw the Chopper (level 6, -2/36 HPs)
             Began as a Tengu Warper on Aug 28, 2022.
             Slain by a gnoll
             ... wielding a +0 hand axe
              (5 damage)
             ... on level 3 of the Dungeon.
             The game lasted 00:00:19 (3864 turns).

qw the Chopper (Tengu Warper)                       Turns: 3864, Time: 00:00:19

Health: -2/36      AC:  5    Str: 14    XL:     6   Next: 44%
Magic:  10/10      EV: 13    Int: 13    God:
Gold:   152        SH:  0    Dex: 13    Spells: 9/9 levels left

rFire   . . .      SeeInvis .   a - +0 war axe
rCold   . . .      Faith    .   (no shield)
rNeg    . . .      Spirit   .   m - +0 ring mail
rPois   .          Reflect  .   (helmet restricted)
rElec   .          Harm     .   (no cloak)
rCorr   .          Rampage  .   (no gloves)
Will    .....                   (boots unavailable)
Stlth   +.........              (no amulet)
HPRegen 0.12/turn               (no ring)
MPRegen 0.12/turn               (no ring)

@: flying quickly and evasively, quick
A: beak, talons 3, nimble flight
a: no special abilities


You were on level 3 of the Dungeon.
You visited 1 branch of the dungeon, and saw 3 of its levels.

You collected 152 gold pieces.


Innate Abilities, Weirdness & Mutations

You have a beak for a mouth.
You have claws for feet.
Your magical nature lets you fly swiftly and evasively.


   Skills:
 + Level 2.7 Fighting
 - Level 7.0 Axes
 - Level 1.0 Throwing
 - Level 1.1 Armour
 - Level 2.1 Dodging
 - Level 2.0 Spellcasting
 - Level 2.4 Translocations


You had 9 spell levels left.
You didn't know any spells.
Your spell library contained the following spells:

 Spells                   Type           Power      Damage    Failure   Level
 Blink                    Tloc           14%        N/A       30%         2
 Gell's Gravitas          Tloc           7%         N/A       52%         3
 Lesser Beckoning         Tloc           7%         N/A       52%         3
 Teleport Other           Tloc           7%         N/A       52%         3
 Manifold Assault         Tloc           7%         N/A       99%         5

Inventory:

Hand Weapons
 a - a +0 war axe (weapon)
 e - a +0 flail
Missiles
 b - 2 boomerangs (quivered)
Armour
 m - a +0 ring mail (worn)
Scrolls
 i - a scroll of magic mapping {unknown}
 k - 2 scrolls of identify
Potions
 c - a potion of haste
 d - a potion of might {unknown}
 f - a potion of attraction {unknown}
 g - a potion of mutation {unknown}
 h - a potion of curing

Dungeon Overview and Level Annotations

Branches:
Dungeon (3/15)

Altars:
Trog


Message History

The gnoll barely misses you.
You slash the gnoll! You peck the gnoll.
The gnoll is almost dead.
You hit the gnoll. The gnoll hits you with a +0 spear. x2
You slash the gnoll!
You kill the gnoll!
You hit the gnoll. You slash the gnoll! The gnoll closely misses you.
The gnoll misses you.
You closely miss the gnoll. You claw the gnoll, but do no damage.
You peck the gnoll, but do no damage.
The gnoll is severely wounded.
You barely miss the gnoll. You closely miss the gnoll.
The gnoll closely misses you. The gnoll barely misses you.
The gnoll hits you but does no damage.
You hit the gnoll.
You kill the gnoll!
You closely miss the gnoll. x2
The gnoll hits you with a +0 hand axe. The gnoll hits you with a +0 spear!
You slash the gnoll!
You kill the gnoll!
You barely miss the gnoll. The gnoll hits you with a +0 hand axe.
The gnoll barely misses you.
You barely miss the gnoll. Your kick misses the gnoll.
The gnoll hits you with a +0 hand axe.
You barely miss the gnoll. The gnoll barely misses you.
You hit the gnoll. Your kick misses the gnoll. You peck the gnoll.
The gnoll is moderately wounded.
The gnoll barely misses you.
You barely miss the gnoll. Your kick misses the gnoll.
The gnoll is moderately wounded.
The gnoll barely misses you.
You closely miss the gnoll. You claw the gnoll.
The gnoll is severely wounded.
The gnoll hits you with a +0 hand axe!
You barely miss the gnoll.
The gnoll is severely wounded.
The gnoll hits you with a +0 hand axe.
You die...

.....)#.###8#
......#.....# .........
......#####'# ....(....
.......#..%.# #........
.......#...## #.....(..
.......#...# #........
.......#...# #........
.......#...# #g)...)..
.......#...#####@)......
######.#...##..%........
#.######.##........
#.######.##........
#........##########
#.######## ###


You could see a gnoll.

Vanquished Creatures
  An orc priest (D:3)
  Jessica (D:2)
  Natasha (thrice) (D:2)
  7 gnolls (D:3)
  4 adders
  2 worms (D:2)
  11 orcs (D:3)
  3 ball pythons (D:1)
  9 endoplasms
  4 giant cockroaches
  5 goblins
  6 hobgoblins
  2 quokkas
  4 bats
  A frilled lizard (D:1)
  3 kobolds (D:1)
  6 rats
72 creatures vanquished.

Notes
Turn   | Place    | Note
-------+----------+-------------------------------------------
     0 | D:1      | qw the Tengu Warper began the quest for the Orb.
     0 | D:1      | Reached XP level 1. HP: 12/12 MP: 4/4
     0 | D:1      | 0 ||| qw: Version: 0.1-a-89-g26bdef1
     0 | D:1      | 0 ||| qw: Game counter: 680
     0 | D:1      | 0 ||| qw: Always use a shield: true
     0 | D:1      | 0 ||| qw: God list: Okawaru
     0 | D:1      | 0 ||| qw: Allow faded altars: false
     0 | D:1      | 0 ||| qw: Do Orc after D:15 true
     0 | D:1      | 0 ||| qw: Do second Lair branch before Depths: true
     0 | D:1      | 0 ||| qw: Lair rune preference: random
     0 | D:1      | 0 ||| qw: Plans: Normal
     0 | D:1      | 0 ||| PLANNING D:1-11
   240 | D:1      | Reached skill level 3 in Axes
   240 | D:1      | Reached XP level 2. HP: 17/17 MP: 6/6
   795 | D:1      | Reached XP level 3. HP: 21/21 MP: 7/7
  1074 | D:1      | 1074 ||| READING scroll labelled KAISOYT ASAU.
  1075 | D:1      | 1075 ||| READING scroll labelled NUOZOECZEK.
  1079 | D:1      | 1079 ||| DROPPING scroll of blinking.
  1208 | D:2      | Reached skill level 4 in Axes
  1301 | D:2      | 1301 ||| DROPPING +0 mace.
  1331 | D:2      | Noticed Jessica
  1335 | D:2      | 1335 ||| Stepping ~*~*~tactically~*~*~ (hiding).
  1336 | D:2      | 1336 ||| Stepping ~*~*~tactically~*~*~ (hiding).
  1340 | D:2      | Killed Jessica
  1341 | D:2      | Reached XP level 4. HP: 22/26 MP: 8/8
  1879 | D:2      | Noticed Natasha
  1888 | D:2      | HP: 4/26 [Natasha/magic dart (7)]
  1889 | D:2      | 1889 ||| READING scroll of teleportation.
  1890 | D:2      | Killed Natasha
  1891 | D:2      | Reached skill level 5 in Axes
  1953 | D:2      | Noticed Natasha
  1954 | D:2      | 1954 ||| Stepping ~*~*~tactically~*~*~ (stealth).
  2218 | D:2      | 2218 ||| Stepping ~*~*~tactically~*~*~ (stealth).
  2227 | D:2      | HP: 2/26 [Natasha/magic dart (5)]
  2228 | D:2      | Killed Natasha
  2229 | D:2      | Gained mutation: Your magical nature lets you fly swiftly
                  | and evasively. [Tengu growth]
  2229 | D:2      | Reached XP level 5. HP: 2/30 MP: 9/9
  2339 | D:2      | Noticed Natasha
  2340 | D:2      | 2340 ||| FLEEEEING.
  2341 | D:2      | 2341 ||| FLEEEEING.
  2342 | D:2      | 2342 ||| FLEEEEING.
  2343 | D:2      | 2343 ||| FLEEEEING.
  2353 | D:2      | 2353 ||| STAIRDANCE
  2502 | D:1      | 2502 ||| UPGRADING to +0 robe of cold resistance.
  2512 | D:1      | 2512 ||| DROPPING +0 leather armour.
  2513 | D:1      | 2513 ||| UPGRADING to +0 ring mail.
  2523 | D:1      | 2523 ||| DROPPING +0 robe of cold resistance.
  2524 | D:1      | 2524 ||| DROPPING ring of flight.
  2525 | D:1      | 2525 ||| READING 2 scrolls labelled CITYQEUTIKU.
  2526 | D:1      | 2526 ||| READING scroll labelled KYRCHUC NAWIEDY.
  2527 | D:1      | 2527 ||| DRINKING 3 sapphire potions.
  2528 | D:1      | 2528 ||| DRINKING 2 viscous pink potions.
  2924 | D:2      | 2924 ||| Stepping ~*~*~tactically~*~*~ (stealth).
  2933 | D:2      | Killed Natasha
  2934 | D:2      | Reached skill level 6 in Axes
  3022 | D:2      | 3022 ||| READING 2 scrolls of identify.
  3022 | D:2      | 3022 ||| IDENTIFYING grey potion
  3106 | D:3      | 3106 ||| Stepping ~*~*~tactically~*~*~ (hiding).
  3114 | D:3      | HP: 4/30 [gnoll/+0 spear (4)]
  3115 | D:3      | 3115 ||| READING scroll of teleportation.
  3116 | D:3      | 3116 ||| DRINKING 2 potions of heal wounds.
  3132 | D:3      | HP: 7/30 [orc/+0 war axe (4)]
  3133 | D:3      | 3133 ||| DRINKING potion of heal wounds.
  3159 | D:3      | 3159 ||| SWAPPING to +0 war axe.
  3162 | D:3      | 3162 ||| DROPPING +0 hand axe.
  3170 | D:3      | 3170 ||| Stepping ~*~*~tactically~*~*~ (stealth).
  3420 | D:3      | Found a bloodstained altar of Trog.
  3425 | D:3      | Reached XP level 6. HP: 30/35 MP: 10/10
  3426 | D:3      | 3426 ||| FLEEEEING.
  3597 | D:3      | 3597 ||| Stepping ~*~*~tactically~*~*~ (hiding).
  3603 | D:3      | 3603 ||| Stepping ~*~*~tactically~*~*~ (stealth).
  3613 | D:3      | Reached skill level 7 in Axes
  3718 | D:3      | Found a faded altar of an unknown god.
  3843 | D:3      | 3843 ||| Stepping ~*~*~tactically~*~*~ (stealth).
  3848 | D:3      | 3848 ||| Stepping ~*~*~tactically~*~*~ (hiding).
  3863 | D:3      | HP: 3/36 [gnoll/+0 hand axe (9)]
  3864 | D:3      | Slain by a gnoll

Levels and vault maps discovered:
D:1:      onia_arrival_pyramid, layout_basic, roderic_lattice_a,
          chequers_serial_rivers_large_b
D:2:      layout_basic, nicolae_concentric_dashed_squares_mild, uniq_natasha,
          uniq_jessica
D:3:      layout_basic, trog_book, shapermc_ecumenical_altar_ellora

Skill      XL: |  1  2  3  4  5  6 |
---------------+-------------------+-----
Axes           | 3 4 5 6 7 |  7.0
Fighting       | |  2.7
Throwing       | |  1.0
Armour         | |  1.1
Dodging        | |  2.1
Spellcasting   | |  2.0
Translocations | |  2.4

Action                   |  1- 3 |  4- 6 || total
-------------------------+-------+-------++-------
Melee: Hand axe          |    55 |    70 ||   125
       Kick              |    18 |    36 ||    54
       Peck              |     6 |    27 ||    33
       Punch             |       |     1 ||     1
       War axe           |       |    52 ||    52
Throw: Boomerang         |     7 |     9 ||    16
       Javelin           |       |    14 ||    14
  Use: Scroll            |     2 |     5 ||     7
       Potion            |       |     4 ||     4
Armor: Leather armour    |    11 |     3 ||    14
       Ring mail         |       |    17 ||    17
Dodge: Dodged            |    18 |    79 ||    97

Table legend:
 A = Non-vault XP
 B = Vault XP
 C = Vault XP percentage of total XP
 D = Non-vault monster count
 E = Vault monster count
 F = Vault count percentage of total count
                 A         B        C        D         E       F
            +---------+---------+-------+---------+---------+-------
      Total |     378 |      74 |  16.4 |      70 |       2 |   2.8
            +---------+---------+-------+---------+---------+-------
        D:1 |      42 |       0 |   0.0 |      26 |       0 |   0.0
        D:2 |     116 |      74 |  38.9 |      12 |       2 |  14.3
        D:3 |     220 |       0 |   0.0 |      32 |       0 |   0.0
            +---------+---------+-------+---------+---------+-------
